 Dungeon Crawl Stone Soup version 0.21-a0-615-g8e08f28 (webtiles) character file.

46 Firecrotchwizard the Skirmisher (level 3, -1/29 HPs)
             Began as a Demonspawn Abyssal Knight on Dec 22, 2017.
             Was a Believer of Lugonu.
             Slain by a kobold
             ... wielding a +0 short sword
              (3 damage)
             ... on level 2 of the Dungeon.
             The game lasted 00:03:06 (1019 turns).

Firecrotchwizard the Skirmisher (DsAK)              Turns: 1019, Time: 00:03:06

Health: -1/29      AC:  7    Str: 12    XL:     3   Next: 46%
Magic:  5/5        EV: 10    Int: 13    God:    Lugonu [**....]
Gold:   70         SH:  0    Dex: 13    Spells: 2/2 levels left

rFire    . . .     SeeInvis .   a - +1 mace
rCold    . . .     Gourm    .   (no shield)
rNeg     . . .     Faith    .   l - +0 ring mail
rPois    .         Spirit   .   f - +0 helmet
rElec    .         Reflect  .   (no cloak)
rCorr    .         Harm     .   (no gloves)
MR       .....                  (no boots)
Stlth    +.........             (no amulet)
HPRegen  0.09/turn              (no ring)
MPRegen  0.09/turn              (no ring)

@: lethally poisoned (-1 -> -8)
A: claws 1, rugged brown scales 1
a: Depart the Abyss, Bend Space, Renounce Religion


You were on level 2 of the Dungeon.
You worshipped Lugonu.
Lugonu was pleased with you.
You were hungry.

You visited 1 branch of the dungeon, and saw 2 of its levels.
You visited the Abyss 1 time.

You collected 70 gold pieces.

Inventory:

Hand Weapons
 a - a +1 mace (weapon)
Armour
 b - a +0 leather armour
 f - a +0 helmet (worn)
   (You found it on level 1 of the Dungeon)
 l - a +0 ring mail (worn)
   (You found it on level 1 of the Dungeon)
Scrolls
 e - a scroll of enchant weapon {unknown}
 g - a scroll of remove curse {unknown}
 i - a scroll of enchant armour {unknown}
 j - 2 scrolls of amnesia {unknown}
 k - 2 scrolls of teleportation {unknown}
 n - a scroll of noise {unknown}
Potions
 d - a potion of cancellation {unknown}
 m - a potion of might {unknown}
Comestibles
 c - 3 rations {@e1}


   Skills:
 + Level 3.3 Fighting
 * Level 2.3 Maces & Flails
 + Level 2.2 Armour
 + Level 1.5 Dodging
 + Level 3.0 Invocations


You had 2 spell levels left.
You didn't know any spells.

Dungeon Overview and Level Annotations

Branches:
Dungeon (2/15)

Altars:


Innate Abilities, Weirdness & Mutations

You have sharp fingernails.
You are partially covered in rugged brown scales. (AC +1, +3% HP)


Message History

Found an escape hatch in the floor.
No target in view!
You now have 64 gold pieces (gained 7).
n - a scroll labeled TAIW ATIROSHREN No target in view!
Some of the chunks of flesh in your inventory have rotted away.
You now have 70 gold pieces (gained 6).
An adder comes into view.
The adder barely misses you.
You miss the adder. The adder bites you but does no damage.
The adder closely misses you.
You miss the adder. The adder bites you but does no damage.
You hit the adder but do no damage. The adder bites you but does no damage.
The adder barely misses you.
You closely miss the adder. The adder bites you.
You are poisoned.
The adder poisons you! The adder closely misses you.
You take 1 damage, and have 28/29 hp.
You hit the adder.
You feel sick. The adder completely misses you.
You take 1 damage, and have 27/29 hp.
You hit the adder.
You kill the adder!
Lugonu accepts your kill.
Your Invocations skill increases to level 3!
No target in view!
You start resting.
You feel sick. x5
You are no longer poisoned.
You take 3 damage, and have 24/29 hp.
You start resting.
Some of the chunks of flesh in your inventory have rotted away. x2
Health restored: 29
k - 2 scrolls labeled NUKUQI ZADYCK (gained 1) All of the chunks of flesh in your inventory have rotted away.
A frilled lizard and a kobold come into view.
The kobold shouts!
The frilled lizard hisses angrily.
You hear an angry hiss. x2
An adder comes into view.
The frilled lizard unfolds its giant frill.
The frilled lizard closely misses you.
A worm comes into view.
You barely miss the frilled lizard. The frilled lizard closely misses you.
The frilled lizard barely misses you.
You hit the frilled lizard.
You kill the frilled lizard!
Lugonu accepts your kill. The adder bites you but does no damage.
You closely miss the adder. The adder bites you. The kobold barely misses you.
The adder bites you but does no damage.
You take 2 damage, and have 27/29 hp.
You hit the adder but do no damage. The kobold misses you.
The adder bites you but does no damage. The kobold hits you but does no damage.
You closely miss the adder. The adder bites you but does no damage.
The adder bites you. The kobold hits you with a short sword.
You take 4 damage, and have 23/29 hp.
You barely miss the adder. The adder bites you but does no damage.
The kobold hits you but does no damage. The adder bites you.
You are poisoned.
The adder poisons you!
You take 4 damage, and have 19/29 hp.
You are feeling hungry.
You hit the adder.
You feel sick. The adder closely misses you.
The kobold hits you but does no damage.
You take 1 damage, and have 18/29 hp.
You completely miss the adder.
You feel sick. The adder bites you but does no damage.
The kobold completely misses you. The adder bites you.
The kobold hits you but does no damage.
You take 5 damage, and have 13/29 hp.
Your ring mail prevents you from hitting the adder.
The adder bites you but does no damage. The kobold barely misses you.
The adder barely misses you.
A frilled lizard comes into view.
You hit the adder.
You feel sick. The adder bites you.
You are lethally poisoned!
The adder poisons you! The kobold barely misses you.
You take 3 damage, and have 11/29 hp.
You closely miss the adder.
You feel sick. The adder closely misses you.
The kobold hits you with a short sword. The adder closely misses you.
You take 2 damage, and have 9/29 hp.
You hit the adder but do no damage.
* * * LOW HITPOINT WARNING * * *
You feel sick. The adder bites you but does no damage.
The kobold closely misses you. The kobold hits you but does no damage.
The adder barely misses you.
You take 1 damage, and have 8/29 hp.
You completely miss the adder.
* * * LOW HITPOINT WARNING * * *
You feel sick. The adder bites you but does no damage.
The kobold hits you but does no damage.
You take 1 damage, and have 7/29 hp.
You barely miss the adder.
* * * LOW HITPOINT WARNING * * *
You feel sick. The adder barely misses you.
The kobold hits you but does no damage. The adder bites you but does no damage.
You take 1 damage, and have 6/29 hp.
You closely miss the adder.
* * * LOW HITPOINT WARNING * * *
You feel sick. The adder bites you.
* * * LOW HITPOINT WARNING * * *
The kobold barely misses you. The adder bites you but does no damage.
The kobold hits you with a short sword.
You die...

#..# .. . .. ## .##
#.##)#%##..# .......
#.#.....#..###.#......
#?..###K....... ......
#..........##. #.#..
#...w#........ ....
##..#S#..###... #.>
#.. #@Kl.# ## #..
#.#####..# #..
#...#....# #..
#..#.##.# #..
#....##.# # #..
#.#.###.# #. #.# # #.#
#.###.#######.# #.#
#.............# #.#
####..<.######


You could see a worm, an adder, a kobold and a frilled lizard.

Vanquished Creatures
  An adder (D:2)
  A gnoll (D:1)
  A giant cockroach (D:1)
  2 goblins (D:1)
  8 hobgoblins (D:1)
  4 bats (D:1)
  3 frilled lizards
  2 kobolds (D:1)
  7 rats (D:1)
29 creatures vanquished.

Notes
Turn   | Place    | Note
-------+----------+-------------------------------------------
     0 | Abyss:1  | Firecrotchwizard the Demonspawn Abyssal Knight began the quest for the Orb.
     0 | Abyss:1  | Reached XP level 1. HP: 18/18 MP: 2/2
    13 | D:1      | Escaped the Abyss
    30 | D:1      | Reached skill level 1 in Dodging
    65 | D:1      | HP: 4/18 [hobgoblin (3)]
    67 | D:1      | Gained mutation: You are partially covered in rugged brown scales. (AC +1, +3% HP) [demonic ancestry]
    67 | D:1      | Reached XP level 2. HP: 4/24 MP: 4/4
   403 | D:1      | Reached skill level 2 in Maces & Flails
   472 | D:1      | Reached skill level 2 in Armour
   699 | D:1      | Gained mutation: You have sharp fingernails. [demonic ancestry]
   699 | D:1      | Reached XP level 3. HP: 27/29 MP: 5/5
   752 | D:1      | Reached ** piety under Lugonu
   924 | D:2      | Reached skill level 3 in Invocations
  1017 | D:2      | HP: 7/29 [poisoned by an adder]
  1019 | D:2      | HP: 2/29 [adder (3)]
  1019 | D:2      | Slain by a kobold

Vault maps used:
D:1:      minmay_arrival_four_houses, minmay_misc_feat_tower
D:2:      cheibrodos_fertilizer, minmay_tall_x

Skill      XL: |  1  2  3 |
---------------+----------+-----
Dodging        | 1 |  1.5
Maces & Flails | 2 |  2.3
Armour         | 2 |  2.2
Invocations    | 3 |  3.0
Fighting       | |  3.3

Action                   || total
-------------------------++-------
Melee: Mace              ||   103
Armor: Leather armour    ||    17
       Ring mail         ||    39
Dodge: Dodged            ||    80

Table legend:
 A = Spawn XP
 B = Non-spawn XP
 C = Spawn XP percentage of total XP
 D = Spawn monster count
 E = Non-spawn monster count
 F = Spawn count percentage of total count
 G = Total turns spent on level
                    A         B        C        D         E        F      G
               +---------+---------+-------+---------+---------+-------+---------
         Total |       0 |      67 |   0.0 |       0 |      29 |   0.0 |  1019
               +---------+---------+-------+---------+---------+-------+---------
           D:1 |       0 |      52 |   0.0 |       0 |      27 |   0.0 |   842
           D:2 |       0 |      15 |   0.0 |       0 |       2 |   0.0 |   164
               +---------+---------+-------+---------+---------+-------+---------

Vault maps used:
D:1:      minmay_arrival_four_houses, minmay_misc_feat_tower
D:2:      cheibrodos_fertilizer, minmay_tall_x

Table legend:
 A = Turns spent in this place as a percentage of turns spent in the entire game.
 B = Non-inter-level travel turns spent in this place as a percentage of non-inter-level travel turns spent in the entire game.
 C = Inter-level travel turns spent in this place as a percentage of turns spent in this place.
 D = Turns resting spent in this place as a percentage of non-inter-level travel turns spent in this place.
 E = Turns spent auto-exploring this place as a percentage of non-inter-level travel turns spent in this place.
 F = Non-inter-level travel turns spent in this place divided by the number of levels of this place that you've seen.
                   A       B       C       D       E      F
               +-------+-------+-------+-------+-------+----------------------
         Total | 100.0 | 100.0 |   2.8 |  36.3 |  38.6 | 330.0
       Dungeon |  98.7 |  98.7 |   2.9 |  36.7 |  38.7 | 488.5
         Abyss |   1.3 |   1.3 |   0.0 |   0.0 |  30.8 |  13.0
               +-------+-------+-------+-------+-------+----------------------

Table legend:
 A = Kills in this place as a percentage of kills in entire the game.
 B = Kills by you in this place as a percentage of kills by you in the entire game.
 C = Kills by friends in this place as a percentage of kills by friends in the entire game.
 D = Other kills in this place as a percentage of other kills in the entire game.
 E = Experience gained in this place as a percentage of experience gained in the entire game.
 F = Experience gained in this place divided by the number of levels of this place that you have seen.
                   A       B       C       D       E      F
               +-------+-------+-------+-------+-------+----------------------
         Total | 100.0 | 100.0 |   N/A |   N/A | 100.0 |  22.3
       Dungeon | 100.0 | 100.0 |   N/A |   N/A | 100.0 |  33.5
               +-------+-------+-------+-------+-------+----------------------
